Map: Traitor's Exile

Players

DaDrunkTinMa

  • Race: Zerg Zerg
  • League: Gold
  • Spawn Location: 6:00

Vinny

  • Race: Terran Terran
  • Spawn Location: 5:00

MonstroTown - Winner!

  • Race: Terran Terran
  • Spawn Location: 9:00

Michael - Winner!

  • Race: Zerg Zerg
  • Spawn Location: 12:00

VOD

Have the link to the VOD?

Description

Time

  • Played on: Sept. 1, 2018, 5:46 p.m.
  • Length: 6:20
Show
View Real Time Build Order
Export as new Build Order

DaDrunkTinMa Zerg 

Build Orders: Hatch First 

Get SALT Encoding   

  12  0:01  Drone  
  13  0:12  Overlord  
  13  0:21  Drone  
  14  0:31  Drone x2  
  14  0:34  Drone  
  17  0:56  Hatchery  
  16  1:01  Drone x2  
  18  1:05  Extractor  
  18  1:06  Drone  
  18  1:21  Spawning Pool  
  18  1:22  Drone  
  18  1:29  Drone  
  19  1:39  Overlord  
  19  2:04  Drone  
  19  2:05  Drone  
  19  2:08  Drone  
  22  2:09  Queen  
  22  2:10  Queen  
  26  2:16  Drone  
  26  2:19  Metabolic Boost  
  27  2:24  Drone  
  26  2:52  Zergling x6  
  29  3:01  Zergling x2  
  29  3:02  Zergling x4  
  29  3:08  Zergling x2  
  28  3:14  Zergling x2  
  28  3:16  Zergling x2  
  28  3:21  Queen  
  29  3:36  Zergling x4  
  30  3:49  Zergling x2  
  30  3:50  Zergling x6  
  34  3:59  Drone  
  34  4:01  Overlord  
  35  4:04  Overlord  
  28  4:20  Zergling x4  
  28  4:30  Roach Warren  
  27  4:33  Drone  
  27  4:34  Drone x2, Evolution Chamber  
  31  4:43  Overlord  
  31  4:45  Zergling x10  
  36  4:51  Zergling x2  
  36  4:52  Zergling x2  
  33  5:00  Zergling x2  
  31  5:10  Roach x4  
  37  5:22  Roach  
Show
View Real Time Build Order
Export as new Build Order

Vinny Terran 

Build Orders: MMM Bio 

Get SALT Encoding   

  12  0:01  SCV  
  13  0:13  SCV  
  14  0:19  Supply Depot  
  14  0:25  SCV  
  15  0:40  SCV  
  15  0:41  Barracks  
  16  0:47  Refinery  
  16  0:53  SCV  
  17  1:05  SCV  
  18  1:11  Barracks  
  18  1:17  SCV  
  19  1:28  Marine  
  19  1:29  SCV  
  21  1:33  Supply Depot  
  21  1:41  Orbital Command  
  21  1:48  Barracks Reactor  
  21  2:01  Marine  
  21  2:02  Barracks  
  22  2:19  SCV  
  22  2:21  Barracks Tech Lab  
  23  2:30  Factory  
  23  2:31  SCV  
  23  2:32  Refinery  
  24  2:43  SCV  
  25  2:50  Command Center  
  25  2:52  Marine x2  
  27  2:58  Marine  
  27  2:59  Marine  
  27  3:28  Marine x4  
  31  3:45  Supply Depot  
  31  3:47  Barracks Tech Lab  
  31  3:54  Starport  
  31  4:01  Widow Mine, SCV, Marine x2  
  36  4:05  Stimpack, Combat Shields  
  36  4:09  Supply Depot  
  36  4:13  SCV  
  37  4:42  Marauder x2, Marine  
  37  4:43  Marine  
  43  4:52  Liberator  
  35  5:03  Marauder x2  
  41  5:24  Marauder  
Show
View Real Time Build Order
Export as new Build Order

MonstroTown Terran - Winner!

Build Orders: Cyclone Opening 

Get SALT Encoding   

  12  0:00  SCV  
  13  0:13  SCV  
  14  0:19  Supply Depot  
  14  0:25  SCV  
  15  0:31  Refinery  
  15  0:41  SCV  
  16  0:46  Barracks  
  16  0:53  SCV  
  17  0:58  Refinery  
  17  1:05  SCV  
  18  1:17  SCV  
  19  1:29  SCV  
  20  1:34  Reaper  
  20  1:39  Factory  
  21  1:43  Orbital Command  
  21  1:54  Supply Depot  
  21  2:07  Barracks Reactor  
  21  2:14  SCV  
  22  2:23  Barracks  
  22  2:29  SCV  
  23  2:45  SCV  
  23  2:57  Cyclone x2  
  29  2:58  Marine  
  29  3:15  SCV  
  29  3:17  Marine  
  31  3:25  Command Center  
  31  3:29  Cyclone  
  34  3:36  Marine x2  
  36  3:46  Cyclone  
  39  4:00  Supply Depot  
  39  4:21  Marine x2  
  41  4:58  Marine x2  
  43  5:00  Cyclone x2  
  43  5:03  Orbital Command  
  43  5:04  SCV  
  50  5:09  Engineering Bay, Supply Depot  
  50  5:16  SCV, Marine  
  50  5:20  Marine  
  53  5:34  Marine  
  48  5:44  Marine  
  48  5:46  Cyclone x2  
  48  5:47  SCV  
  48  5:48  SCV  
  50  5:52  Marine  
  47  5:59  SCV  
Show
View Real Time Build Order
Export as new Build Order

Michael Zerg - Winner!

Build Orders: Hatch First 

Get SALT Encoding   

  12  0:01  Drone  
  13  0:12  Overlord  
  13  0:18  Drone  
  14  0:31  Drone x2  
  14  0:35  Drone  
  17  0:45  Drone  
  18  0:58  Hatchery  
  18  1:01  Drone  
  18  1:07  Extractor  
  17  1:11  Drone  
  18  1:25  Spawning Pool  
  17  1:39  Drone x2  
  20  1:40  Drone  
  20  1:50  Overlord  
  20  2:13  Zergling x6  
  20  2:14  Queen  
  25  2:16  Queen  
  25  2:22  Metabolic Boost  
  27  2:26  Zergling x2  
  27  2:29  Zergling x2  
  29  2:35  Zergling x2  
  29  2:37  Zergling x2  
  31  2:44  Zergling x2  
  31  2:45  Zergling x2  
  32  3:07  Zergling x8  
  34  3:16  Queen  
  34  3:18  Drone x2  
  34  3:35  Drone x2  
  36  3:51  Overlord x2  
  36  3:55  Roach Warren  
  36  3:58  Evolution Chamber  
  36  3:59  Lair  
  28  4:17  Zergling x12  
  34  4:31  Zergling x10  
  34  4:33  Zergling x2  
  34  4:36  Zergling x2  
  38  4:59  Zergling x4  
  41  5:00  Zergling x12  
  43  5:15  Zergling x8  
  47  5:25  Zergling x8  
  46  5:43  Zergling x2  
  46  5:44  Zergling x10  
  43  5:59  Zergling x4  
Tags
 
Add a new tag
Caveats
  • Supply blocks, unpowered buildings, or Contaminate may cause inaccurate times.
  • Supply counts are checked every 10 seconds.